 Dungeon Crawl Stone Soup version 0.22-a0-192-g6ffc940 (webtiles) character file.

0 4thArraOfDagon the Stinger (level 1, 0/7 HPs)
             Began as a Felid Wanderer on Feb 16, 2018.
             Slain by a kobold (4 damage)
             ... on level 3 of the Dungeon.
             The game lasted 00:00:31 (95 turns).

4thArraOfDagon the Stinger (Felid Wanderer)           Turns: 95, Time: 00:00:32

Health: 0/7        AC:  1    Str:  8    XL:     1   Next: 8%
Magic:  3/3        EV: 15    Int: 11    God:
Gold:   24         SH:  0    Dex: 17    Spells: 2/2 levels left
                                        Lives:  0   Deaths: 0

rFire    . . .     SeeInvis +   (weapon unavailable)
rCold    . . .     Gourm    .   (shield unavailable)
rNeg     . . .     Faith    .   (armour unavailable)
rPois    .         Spirit   .   (helmet unavailable)
rElec    .         Reflect  .   (cloak unavailable)
rCorr    .         Harm     .   (gloves unavailable)
MR       .....                  (boots unavailable)
Stlth    ++........             (no amulet)
HPRegen  0.02/turn              (no ring)
MPRegen  0.08/turn              (no ring)

@: quick
A: very small, no armour, no weapons or thrown items, stealth, claws 1, fangs 3,
see invisible, carnivore, speed 1, shaggy fur 1, slow metabolism 1, sharp paws
a: no special abilities


You were on level 3 of the Dungeon.
You were not hungry.

You visited 1 branch of the dungeon, and saw 3 of its levels.

You collected 24 gold pieces.

Inventory:

Wands
 c - a wand of random effects (15)
Potions
 a - a potion of haste
Books
 b - the Guide on Air

   Spells                             Type                      Level
   a - Shock                          Conjuration/Air              1
   b - Mephitic Cloud                 Conjuration/Poison/Air       3
Comestibles
 d - 2 rations


   Skills:
 + Level 0.0 Fighting
 + Level 0.1 Dodging
 - Level 1.3 Stealth
 * Level 0.1 Unarmed Combat
 - Level 1.0 Spellcasting
   Level 3.0 Hexes
   Level 1.0 Necromancy
   Level 3.6 Poison Magic
 - Level 1.1 Evocations


You had 2 spell levels left.
You didn't know any spells.

Dungeon Overview and Level Annotations

Branches:
Dungeon (3/15)

Altars:


Innate Abilities, Weirdness & Mutations

You cannot wear armour.
You are incapable of wielding weapons or throwing items.
Your paws allow you to move quietly. (Stealth)
You have sharp claws.
You have razor-sharp teeth.
You have supernaturally acute eyesight. (SInv)
You are carnivorous and can eat meat at any time.
You cover ground quickly.
You are covered in fur. (AC +1)
You have a slow metabolism.
Your sharp claws are effective at attacking unaware monsters.


Message History

You see here a whip.
A goblin comes into view. It is wielding a club.
The goblin moves out of view.
Found a scale mail.
Found an escape hatch in the floor.
You see here a robe.
You see here a scale mail.
A leopard gecko comes into view.
There is an escape hatch in the floor here.
You slide downwards.
The hatch slams shut behind you.
A kobold comes into view.
Found a stone staircase leading up.
The kobold shouts!
Unknown command.
You barely miss the kobold. The kobold hits you but does no damage.
You miss the kobold. You bite the kobold.
The kobold is moderately wounded.
The kobold hits you.
Ouch! That really hurt!
You die...

#.... +....
#.... #
#...# .#
.... .#
#..# ..# #
#K.##..#...
#.@......#
#<.....###
#####.## #


You could see a kobold.

Vanquished Creatures
  A kobold (D:2)
1 creature vanquished.

Notes
Turn   | Place    | Note
-------+----------+-------------------------------------------
     0 | D:1      | 4thArraOfDagon the Felid Wanderer began the quest for the Orb.
     0 | D:1      | 4thArraOfDagon set off with: a potion of haste, the Guide on Air, a wand of random effects (15), a ration
     0 | D:1      | Reached XP level 1. HP: 7/7 MP: 3/3
    95 | D:3      | Slain by a kobold

Vault maps used:
D:1:      dpeg_arrival_water_temple_mockup
D:2:      chequers_ecumenical_altar_simple, minmay_domino_2
D:3:      first_ration, serial_glass, glass_columns_b, glass_columns_b,
          glass_columns_a, glass_columns_a, minivault_14,
          minmay_misc_feat_nine_boxes, minmay_misc_feat_hallway,
          cheibrodos_ashenzari_chains, uniq_robin

Action                   || total
-------------------------++-------
Melee: Unarmed           ||     9
       Bite              ||     1
Armor: Skin              ||     1
Dodge: Dodged            ||     5

Table legend:
 A = Spawn XP
 B = Non-spawn XP
 C = Spawn XP percentage of total XP
 D = Spawn monster count
 E = Non-spawn monster count
 F = Spawn count percentage of total count
 G = Total turns spent on level
                    A         B        C        D         E        F      G
               +---------+---------+-------+---------+---------+-------+---------
         Total |       0 |       1 |   0.0 |       0 |       1 |   0.0 |    95
               +---------+---------+-------+---------+---------+-------+---------
           D:2 |       0 |       1 |   0.0 |       0 |       1 |   0.0 |    36
               +---------+---------+-------+---------+---------+-------+---------
